 Dungeon Crawl Stone Soup version 0.26.1-2-gb8aa6d0cf2 (webtiles) character file.

Game seed: 2324660943170526127

21936 Marvel the Thaumaturge (level 12, -36/58 HPs)
             Began as a Spriggan Enchanter on Feb 13, 2021.
             Was the Champion of Okawaru.
             Killed from afar by Jorgrun (41 damage)
             ... with an iron shot
             ... on level 12 of the Dungeon.
             The game lasted 00:48:35 (15046 turns).

Marvel the Thaumaturge (Spriggan Enchanter)        Turns: 15046, Time: 00:48:36

Health: -36/58     AC:  6    Str:  4    XL:     12   Next: 58%
Magic:  28/30      EV: 22    Int: 19    God:    Okawaru [******]
Gold:   935        SH:  0    Dex: 25    Spells: 26/38 levels left

rFire    . . .     SeeInvis +   I - +4 quick blade
rCold    . . .     Faith    +   (shield restricted)
rNeg     . . .     Spirit   .   U - +0 troll leather armour
rPois    .         Reflect  .   (helmet restricted)
rElec    .         Harm     .   t - +1 cloak
rCorr    .         Rampage  .   (gloves unavailable)
Will     ++++.                  (boots unavailable)
Stlth    +++++.....             R - amulet of Dasisk {Faith Will+}
HPRegen  0.59/turn              x - +6 ring of dexterity
MPRegen  0.22/turn              P - ring of willpower

@: confusing touch, about to teleport, grasped by roots, constricted, very quick
A: very small, unfitting armour, see invisible, speed 3
a: Renounce Religion, Heroism, Finesse


You were on level 12 of the Dungeon.
You worshipped Okawaru.
Okawaru was exalted by your worship.
You visited 1 branch of the dungeon, and saw 13 of its levels.

You collected 935 gold pieces.

Inventory:

Hand Weapons
 a - a +2 dagger
 p - the +1 short sword of Psychosis {pain, +Fly rPois Str-2 Int+2 Dex+10}
   (You found it on level 6 of the Dungeon)

   In the hands of one skilled in necromantic magic, it inflicts extra damage on
   living creatures.
   It affects your strength (-2).
   It affects your intelligence (+2).
   It affects your dexterity (+10).
   It protects you from poison.
   It lets you fly.
 y - a +1 rapier of venom
 I - a +4 quick blade (weapon)
 N - a +2 rapier of holy wrath
 O - a +0 vampiric short sword
Missiles
 o - 52 poisoned darts
Armour
 b - a +0 robe
 t - a +1 cloak (worn)
 U - a +0 troll leather armour (worn)
Jewellery
 c - an uncursed amulet of regeneration
 g - an uncursed amulet of the acrobat {unknown}
 j - an uncursed ring of protection from cold
 l - an uncursed amulet of magic regeneration {unknown}
 m - a +6 ring of intelligence
 n - an uncursed ring of protection from fire
 q - an uncursed ring of flight
 x - a +6 ring of dexterity (left hand)
 A - an uncursed ring of magical power
 P - a ring of willpower (right hand)
 R - the amulet of Dasisk (around neck) {Faith Will+}
   (You found it on level 12 of the Dungeon)

   [amulet of faith]

   It allows you to gain divine favour quickly.
   It affects your willpower, your defense against some magical effects.
 S - an uncursed ring of positive energy {unknown}
Wands
 s - a wand of iceblast (3)
 C - a wand of random effects (34)
 D - a wand of digging (5)
 H - a wand of enslavement (12)
 L - a wand of flame (31)
Scrolls
 d - 4 scrolls of identify
 h - 4 scrolls of immolation
 u - 4 scrolls of teleportation
 w - a scroll of blinking
 z - 2 scrolls of enchant armour
 B - 2 scrolls of fog {unknown}
 E - 4 scrolls of remove curse
 F - 3 scrolls of fear
 G - 2 scrolls of holy word {unknown}
 J - a scroll of amnesia
 M - 3 scrolls of magic mapping {unknown}
 T - 3 scrolls of vulnerability {unknown}
Potions
 e - 2 potions of mutation
 f - 4 potions of lignification
 i - 2 potions of berserk rage
 k - a potion of heal wounds
 r - 2 potions of might
 v - 2 potions of curing
 K - a potion of degeneration
 Q - a potion of haste
Miscellaneous
 V - a phial of floods


   Skills:
 + Level 3.7 Fighting
 + Level 8.3 Short Blades
 + Level 9.1 Dodging
 + Level 10.6 Stealth
 + Level 13.9 Spellcasting
 + Level 13.1 Hexes
 + Level 5.1 Ice Magic


You had 26 spell levels left.
You knew the following spells:

 Your Spells              Type           Power        Failure   Level
a - Corona                Hex            64%          1%          1
b - Ensorcelled Hibernat  Hex/Ice        96%          1%          2
c - Confusing Touch       Hex            58%          1%          3
d - Tukima's Dance        Hex            58%          1%          3
e - Dazzling Flash        Conj/Hex       76%          1%          3

Your spell library contained the following spells:

 Spells                   Type           Power        Failure   Level
 Animate Skeleton         Necr           26%          9%          1
 Pain                     Necr           52%          9%          1
 Vampiric Draining        Necr           6%           26%         3
 Animate Dead             Necr           6%           65%         4
 Agony                    Necr           13%          94%         5
 Bolt of Magma            Conj/Fire/Erth 6%           94%         5
 Iskenderun's Battlesphe  Conj           13%          94%         5
 Iron Shot                Conj/Erth      6%           100%        6
 Orb of Destruction       Conj           6%           100%        7
 Spellforged Servitor     Conj/Summ      6%           100%        7


Dungeon Overview and Level Annotations

Branches:
Dungeon (13/15)            Temple (0/1) D:6            Lair (0/6) D:11
    Orc (0/2) D:12         Vaults (0/5) D:13

Altars:
Cheibriados
Elyvilon
Fedhas
Gozag
Hepliaklqana
Kikubaaqudgha
Nemelex Xobeh
Okawaru
Sif Muna
Trog
Uskayaw
Vehumet

Shops:
D:5 [   D:6 (   D:9 *

Annotations:
D:3 4 transporters, Cykl0x's ghost, amateur MiFi
D:5 2 transporters, McKennaii's ghost, novice DEFE
D:12 Jorgrun
D:13 Kirke


Innate Abilities, Weirdness & Mutations

You are very small and have problems with some larger weapons.
You are too small for most types of armour.
You have supernaturally acute eyesight. (SInv)
You cover ground extremely quickly.


Message History

You hit Jorgrun but do no damage. You hit Jorgrun but do no damage.
You hit Jorgrun but do no damage. You hit Jorgrun but do no damage.
Jorgrun points at you and mumbles some strange words.
Roots burst forth from the earth!
The grasping roots grab you!
* * * LOW HITPOINT WARNING * * *
The grasping roots constrict you!
As you read the scroll of teleportation, it crumbles to dust.
You feel strangely unstable. Jorgrun closely misses you.
* * * LOW HITPOINT WARNING * * *
The grasping roots constrict you!
You hit Jorgrun but do no damage. You hit Jorgrun but do no damage.
You hit Jorgrun but do no damage.
Jorgrun points at you and mumbles some strange words.
The iron shot hits you!!!
Ouch! That really hurt!
You die...

.###..###....###......#..##
.# #..##............##...#
## #.........######.#....#
# #.......### #......##
####....#..# ##......#
........#...# #....##.#
##....##....# ##..#####..
#..### #...####..## ###
#.## ##......@## #.
#.....Zg.# #..........
##.....##### ..$...# ..#
...... ##.. ...... # ...#..


You could see Jorgrun and a centaur skeleton.

Vanquished Creatures
  4 vault guards (D:13)
  3 two-headed ogres
  The ghost of sipior the Destroyer, a novice OpCj of Vehumet (D:9)
  The ghost of stripedtigrrr the Covert, a novice OpDe of Yredelemnul (D:7)
  3 unseen horrors (D:12)
  2 ugly things
  A deep elf mage (D:9)
  A manticore (D:12)
  A cyclops (D:12)
  Maurice (D:9)
  A gargoyle (D:10)
  2 trolls
  A hornet (D:11)
  Grinder (D:6)
  3 shadows (D:12)
  A wraith (D:12)
  2 wyverns
  11 yaks
  A hog (D:12)
  Grum (D:10)
  3 two-headed ogre zombies (D:12)
  A water moccasin (D:10)
  An acid dragon (D:12)
  7 ice beasts
  2 orc warriors
  A sky beast (D:11)
  5 phantoms
  A necrophage (D:7)
  An eye of draining (D:12)
  13 ogres
  4 wolves
  3 centaurs
  A big kobold (D:11)
  4 bullfrogs
  A wyvern zombie (D:3)
  A troll zombie (D:12)
  9 scorpions
  16 killer bees
  14 wights
  An electric eel (D:10)
  8 howler monkeys
  A vampire bat (D:6)
  2 bullfrog zombies (D:11)
  A lava snake (D:12)
  11 hounds
  5 jellies
  A quasit (D:7)
  2 centaur zombies
  7 orc priests
  8 orc wizards
  Crazy Yiuf (D:4)
  3 bullfrog skeletons
  4 centaur skeletons
  7 iguanas
  Ijyb (D:4)
  7 worker ants
  A centaur simulacrum (D:10)
  4 ogre zombies (D:12)
  A hound skeleton (D:11)
  A killer bee simulacrum (D:10)
  2 worker ant zombies
  A howler monkey skeleton (D:6)
  19 adders
  3 shadow imps
  4 white imps
  A howler monkey simulacrum (D:10)
  3 ufetubi
  An adder zombie (D:9)
  An adder skeleton (D:8)
  4 worms
  3 dart slugs
  8 leopard geckos
  31 orcs
  12 bats
  2 bat skeletons (D:6)
  4 bat zombies (D:6)
  6 giant cockroaches
  8 hobgoblins
  2 jackals (D:9)
  6 quokkas
  3 ball pythons
  5 frilled lizards
  9 goblins
  A goblin skeleton (D:12)
  4 goblin zombies (D:12)
  A hobgoblin zombie (D:12)
  A jackal skeleton (D:5)
  12 kobolds
  A leopard gecko skeleton (D:4)
  4 orc skeletons (D:12)
  15 orc zombies (D:12)
  A quokka simulacrum (D:10)
  13 rats
398 creatures vanquished.

Vanquished Creatures (others)
  A fungus (D:6)
1 creature vanquished.

Grand Total: 399 creatures vanquished

Notes
Turn   | Place    | Note
-------+----------+-------------------------------------------
     0 | D:1      | Marvel the Spriggan Enchanter began the quest for the Orb.
     0 | D:1      | Reached XP level 1. HP: 9/9 MP: 5/5
   238 | D:1      | Reached XP level 2. HP: 13/13 MP: 4/6
   391 | D:1      | Learned a level 2 spell: Ensorcelled Hibernation
   950 | D:2      | Reached XP level 3. HP: 16/16 MP: 2/8
   991 | D:2      | Reached skill level 5 in Stealth
  1836 | D:3      | Found a transporter.
  2207 | D:3      | Reached XP level 4. HP: 21/21 MP: 6/9
  2214 | D:3      | Learned a level 3 spell: Confusing Touch
  2518 | D:3      | Found a transporter.
  2518 | D:3      | Noticed Cykl0x's ghost (amateur MiFi)
  2539 | D:3      | Found a transporter.
  2806 | D:3      | Found a transporter.
  2875 | D:3      | Reached XP level 5. HP: 25/25 MP: 7/11
  2920 | D:3      | Found a snail-covered altar of Cheibriados.
  2922 | D:3      | Found a white marble altar of Elyvilon.
  2923 | D:3      | Found a blossoming altar of Fedhas.
  2925 | D:3      | Found a sparkling altar of Nemelex Xobeh.
  2925 | D:3      | Found a radiant altar of Vehumet.
  3128 | D:4      | Noticed an ogre
  3128 | D:4      | Noticed a phantom
  3132 | D:4      | Killed an ogre
  3133 | D:4      | Reached skill level 1 in Fighting
  3178 | D:4      | Killed a phantom
  3179 | D:4      | Reached XP level 6. HP: 28/30 MP: 9/13
  3307 | D:4      | Reached skill level 5 in Hexes
  3307 | D:4      | Reached skill level 1 in Ice Magic
  3430 | D:4      | Noticed Ijyb
  3440 | D:4      | Killed Ijyb
  3496 | D:4      | Found an iron altar of Okawaru.
  3503 | D:4      | Reached XP level 7. HP: 33/33 MP: 6/14
  3606 | D:4      | Became a worshipper of Warmaster Okawaru
  3661 | D:4      | Found a runed translucent door.
  3662 | D:4      | Noticed Crazy Yiuf
  3801 | D:4      | Noticed a +0 hand axe
  3809 | D:4      | Found a hazy altar of Hepliaklqana.
  3861 | D:4      | Noticed a +0 dagger
  3866 | D:4      | Found a hide-covered altar of Uskayaw.
  4082 | D:4      | Reached * piety under Okawaru
  4180 | D:4      | Killed Crazy Yiuf
  4181 | D:4      | Reached skill level 5 in Spellcasting
  4262 | D:5      | Entered Level 5 of the Dungeon
  4305 | D:5      | Reached XP level 8. HP: 28/37 MP: 5/16
  4549 | D:5      | Found a shimmering blue altar of Sif Muna.
  4584 | D:5      | Found Yhax's Armour Emporium.
  4782 | D:5      | Reached skill level 10 in Stealth
  4810 | D:5      | Found a transporter.
  4855 | D:5      | Found a transporter.
  4855 | D:5      | Noticed McKennaii's ghost (novice DEFE)
  5383 | D:6      | Reached skill level 5 in Dodging
  5627 | D:6      | Reached ** piety under Okawaru
  5801 | D:6      | Found a staircase to the Ecumenical Temple.
  5845 | D:6      | Reached XP level 9. HP: 42/42 MP: 20/20
  5849 | D:6      | Learned a level 3 spell: Tukima's Dance
  5850 | D:6      | Found Ziamoawnis's Antique Weapon Shop.
  5887 | D:6      | Got a bone short sword
  5888 | D:6      | Identified the cursed +1 short sword of Psychosis {pain,
                  | +Fly rPois Str-2 Int+2 Dex+10} (You found it on level 6 of
                  | the Dungeon)
  6012 | D:6      | Noticed Grinder
  6031 | D:6      | Killed Grinder
  6474 | D:6      | Found an ancient bone altar of Kikubaaqudgha.
  6954 | D:7      | Reached skill level 5 in Short Blades
  7051 | D:7      | Found a transporter.
  7052 | D:7      | Noticed stripedtigrrr's ghost (novice OpDe)
  7058 | D:7      | Identified the +1 dire flail of Inconvenience {vorpal, rF+
                  | Will+ Int-2}
  7059 | D:7      | Found a transporter.
  7613 | D:7      | Reached *** piety under Okawaru
  8734 | D:9      | Found a runed translucent gate.
  8734 | D:9      | Found a runed translucent gate.
  8734 | D:9      | Found a runed translucent gate.
  8743 | D:9      | You fall into a shaft and drop 2 floors!
  8766 | D:11     | Reached XP level 10. HP: 39/46 MP: 15/24
  8941 | D:11     | Noticed a cyan ugly thing
  8948 | D:11     | Killed a cyan ugly thing
  8948 | D:11     | Reached **** piety under Okawaru
  8959 | D:11     | Found a staircase to the Lair.
  9105 | D:11     | Reached skill level 10 in Spellcasting
  9138 | D:11     | Noticed a two-headed ogre
  9144 | D:11     | Killed a two-headed ogre
  9144 | D:11     | Reached ***** piety under Okawaru
  9270 | D:11     | Reached skill level 10 in Hexes
  9363 | D:11     | Learned a level 3 spell: Dazzling Flash
  9553 | D:11     | Received a gift from Okawaru
  9579 | D:10     | Entered Level 10 of the Dungeon
  9909 | D:10     | Reached XP level 11. HP: 51/51 MP: 17/27
  9965 | D:10     | Noticed Grum
 10073 | D:9      | Noticed Maurice
 10084 | D:9      | Killed Maurice
 10254 | D:9      | Found a bloodstained altar of Trog.
 10482 | D:9      | Found an opulent altar of Gozag.
 10485 | D:9      | Found Vitupoe Erepp's Assorted Antiques.
 10485 | D:9      | Noticed sipior's ghost (novice OpCj)
 10631 | D:9      | Noticed a deep elf mage
 10646 | D:9      | Received a gift from Okawaru
 10648 | D:9      | Killed a deep elf mage
 10907 | D:7      | Killed stripedtigrrr's ghost
 11383 | D:9      | Killed sipior's ghost
 11610 | D:10     | Killed Grum
 12538 | D:11     | Received a gift from Okawaru
 12723 | D:12     | Noticed an unseen horror
 12729 | D:12     | Killed an unseen horror
 12902 | D:12     | Got a shimmering pewter amulet
 12913 | D:12     | Identified the amulet of Dasisk {Faith Will+} (You found it
                  | on level 12 of the Dungeon)
 13066 | D:12     | Found a staircase to the Orcish Mines.
 13138 | D:13     | Reached skill level 5 in Ice Magic
 13479 | D:13     | Noticed a two-headed ogre
 13493 | D:13     | Killed a two-headed ogre
 13493 | D:13     | Received a gift from Okawaru
 13608 | D:13     | Noticed a vault guard
 13608 | D:13     | Noticed a vault guard
 13608 | D:13     | Noticed a vault guard
 13609 | D:13     | Found a gate to the Vaults.
 13609 | D:13     | Noticed a vault guard
 13609 | D:13     | Noticed a vault guard
 13610 | D:13     | Noticed a vault guard
 13610 | D:13     | Noticed a vault guard
 13610 | D:13     | Noticed a vault guard
 13618 | D:13     | Killed a vault guard
 13619 | D:13     | Reached XP level 12. HP: 56/56 MP: 25/30
 13627 | D:13     | Killed a vault guard
 13627 | D:13     | Received a gift from Okawaru
 13632 | D:13     | Killed a vault guard
 13632 | D:13     | Reached ****** piety under Okawaru
 13640 | D:13     | Killed a vault guard
 13676 | D:13     | HP: 2/56 [vault guard/+2 great sword (13)]
 14010 | D:13     | Noticed Kirke
 14427 | D:12     | Noticed a two-headed ogre
 14452 | D:12     | Killed a two-headed ogre
 14460 | D:12     | Received a gift from Okawaru
 15025 | D:12     | Noticed Jorgrun
 15046 | D:12     | Killed from afar by Jorgrun

Illustrated notes

Levels and vault maps discovered:
D:1:      tarquinn_simple_flora_water_a, layout_loops_ring
D:2:      layout_loops_cross
D:3:      gammafunk_steamed_eel, layout_rooms, grunt_temple_overflow_open,
          gammafunk_ghost_arena
D:4:      layout_rooms, overflow_temple_1_default,
          nicolae_overflow_crystal_walls, dancing_weapons_uskayaw,
          uniq_crazy_yiuf_cottage, uniq_ijyb
D:5:      layout_cave_pods, gammafunk_ghost_arena, serial_shops,
          nicolae_shop_statue_plus, basic_altar
D:6:      old_forge, layout_basic, kennysheep_vampire_church,
          minmay_temple_entry_ruins, serial_shops, shop,
          kennysheep_generic_room_11, uniq_grinder
D:7:      layout_loops_corners, gammafunk_ghost_smash
D:8:      layout_gridville
D:9:      layout_rooms, tgw_trog, ebering_ghost_gozag, uniq_maurice
D:10:     layout_cave_pools, serial_ice, serial_ice_k, serial_ice_g,
          serial_ice_e, serial_ice_n, serial_ice_m, serial_ice_h, uniq_grum
D:11:     layout_irregular_city, lair_entry_dummy,
          minmay_misc_feat_four_crosses, feat_on_display
D:12:     layout_layer_cave, zombieorc2_lemuel, grunt_ogre_cave,
          amcnicky_mini_pool_medium, uniq_jorgrun
D:13:     layout_basic, erik_vaults_2, tgw_lugonu_bribe, uniq_kirke

Skill      XL: |  1  2  3  4  5  6  7  8  9 10 11 12 |
---------------+-------------------------------------+-----
Hexes          | 4 5 7 8 10 12 13 | 13.1
Stealth        | 5 6 7 9 10 | 10.6
Spellcasting   | 3 4 5 7 9 11 13 | 13.9
Short Blades   | 2 3 4 6 7 8 |  8.3
Fighting       | 1 2 3 |  3.7
Dodging        | 4 5 6 7 8 9 |  9.1
Ice Magic      | 1 2 4 5 |  5.1

Action                   |  1- 3 |  4- 6 |  7- 9 | 10-12 || total
-------------------------+-------+-------+-------+-------++-------
Melee: Dagger            |   246 |   128 |   161 |       ||   535
       Short sword       |       |       |   148 |   268 ||   416
       Quick blade       |       |       |       |   351 ||   351
       Punch             |       |       |       |     2 ||     2
 Cast: Corona            |    16 |     5 |     4 |     1 ||    26
       Ensorcelled Hiber |    31 |    28 |    48 |   127 ||   234
       Confusing Touch   |       |     4 |    42 |   108 ||   154
Invok: Heroism           |       |       |       |     1 ||     1
  Use: Scroll            |       |       |     8 |    10 ||    18
       Potion            |       |       |     1 |     1 ||     2
 Stab: Sleeping          |    25 |    28 |    64 |    86 ||   203
       Confused          |       |     5 |    39 |   117 ||   161
       Invisible         |       |       |     1 |       ||     1
       Distracted        |       |       |     2 |     2 ||     4
Armor: Robe              |    23 |     9 |    30 |    18 ||    80
       Troll leather arm |       |       |       |     1 ||     1
Dodge: Dodged            |   198 |   103 |   294 |   436 ||  1031
